 Dungeon Crawl Stone Soup version 0.20.1-1-g8b1a95d (webtiles) character file.

102 empire the Firebug (level 4, -3/24 HPs)
             Began as a Deep Elf Fire Elementalist on Sept 21, 2017.
             Killed from afar by an orc wizard (9 damage)
             ... with a magic dart
             ... on level 3 of the Dungeon.
             The game lasted 00:03:55 (1695 turns).

empire the Firebug (Deep Elf Fire Elementalist)     Turns: 1695, Time: 00:03:56

Health: -3/24      AC:  2    Str:  5    XL:     4   Next: 49%
Magic:  1/12       EV: 13    Int: 21    God:
Gold:   82         SH:  0    Dex: 15    Spells: 6/12 levels left

rFire    . . .     SeeInvis .   a - +0 dagger
rCold    . . .     Gourm    .   (no shield)
rNeg     . . .     Faith    .   j - +0 robe
rPois    .         Spirit   .   (no helmet)
rElec    .         Reflect  .   (no cloak)
rCorr    .         Harm     .   (no gloves)
MR       .....                  (no boots)
Stlth    ++........             (no amulet)
Regen    0.1/turn               (no ring)
MPRegen  0.2/turn               (no ring)

@: no status effects
A: no striking features
a: no special abilities


You were on level 3 of the Dungeon.
You were not hungry.

You visited 1 branch of the dungeon, and saw 3 of its levels.

You collected 82 gold pieces.

Inventory:

Hand Weapons
 a - a +0 dagger (weapon)
Armour
 j - a +0 robe (worn)
Scrolls
 g - 3 scrolls of remove curse {unknown}
Potions
 e - a potion of brilliance {unknown}
 h - a potion of lignification {unknown}
 k - a potion of curing {unknown}
Books
 b - a book of Flames

   Spells                             Type                      Level
   a - Flame Tongue                   Conjuration/Fire             1
   b - Throw Flame                    Conjuration/Fire             2
   c - Conjure Flame                  Conjuration/Fire             3
   d - Inner Flame                    Hexes/Fire                   3
   e - Sticky Flame                   Conjuration/Fire             4
   f - Fireball                       Conjuration/Fire             5
Comestibles
 c - 3 bread rations
 d - 2 fruits
 f - a meat ration
 i - 3 chunks of flesh


   Skills:
 - Level 2.4 Dodging
 - Level 2.4 Stealth
 + Level 4.5 Spellcasting
 + Level 2.2 Conjurations
 + Level 4.5 Fire Magic


You had 6 spell levels left.
You knew the following spells:

 Your Spells              Type           Power        Failure   Level  Hunger
a - Flame Tongue          Conj/Fire      ###..        2%          1    None
b - Throw Flame           Conj/Fire      ###...       4%          2    #......
c - Conjure Flame         Conj/Fire      ###.....     9%          3    ##.....


Dungeon Overview and Level Annotations

Branches:
Dungeon (3/15)

Altars:

Annotations:
D:2 Sigmund


Message History

You hit something but do no damage. Something hits you but does no damage.
You closely miss something. Something hits you. x2
You hit something but do no damage. Something hits you.
You miss something. Something hits you. Something barely misses you.
Casting: Flame Tongue
Confirm with . or Enter, or press ? or * to list all spells.
Aiming: Flame Tongue
Press: ? - help, Shift-Dir - straight line, f/p - hobgoblin
Aim: a hobgoblin (moderately wounded)
The flame tongue hits something.
Something hits you.
* * * LOW HITPOINT WARNING * * *
You hear some strange, mumbled words.
A puff of flame appears from out of thin air!
The puff of flame misses you. Something hits you.
* * * LOW HITPOINT WARNING * * *
Something barely misses you.
A magic dart appears from out of thin air!
The magic dart hits you!
You die...

########.........###...#.....#
.............................#
.................###.#.......#
.................###.#......<#
..........#########..#.....###
.............)......†..#.#.#
########.............#...#.#
+..............>....#
###.o.go..@.........#...
#...##########......##.. ###
#.### ##.....# .. .....##)####
#.....# .. #.......o..# #.
.... #......)†..# #..........#
#........).# #............


You could see 2 orcs and a hobgoblin.

Vanquished Creatures
  3 gnolls (D:2)
  2 adders
  An ooze (D:1)
  2 worms (D:3)
  A dart slug (D:1)
  2 leopard geckos (D:1)
  3 orcs (D:3)
  A ball python (D:2)
  A bat (D:1)
  4 giant cockroaches
  6 hobgoblins
  A jackal (D:3)
  5 frilled lizards
  2 goblins (D:1)
  2 kobolds (D:1)
  3 rats (D:1)
39 creatures vanquished.

Notes
Turn   | Place    | Note
-------+----------+-------------------------------------------
     0 | D:1      | empire the Deep Elf Fire Elementalist began the quest for the Orb.
     0 | D:1      | Reached XP level 1. HP: 10/10 MP: 6/6
   172 | D:1      | Reached XP level 2. HP: 10/15 MP: 5/8
   896 | D:1      | Reached XP level 3. HP: 16/19 MP: 7/10
  1059 | D:2      | Noticed Sigmund
  1292 | D:1      | Learned a level 2 spell: Throw Flame
  1296 | D:1      | Learned a level 3 spell: Conjure Flame
  1369 | D:2      | Reached XP level 4. HP: 24/24 MP: 2/12
  1444 | D:2      | Found a faded altar of an unknown god.
  1695 | D:3      | Killed from afar by an orc wizard

Skill      XL: |  1  2  3 |
---------------+----------+-----
Fire Magic     | 4 |  4.5
Spellcasting   | 4 |  4.5
Conjurations   | 2 |  2.2
Dodging        | |  2.4
Stealth        | |  2.4

Action                   |  1- 3 |  4- 6 || total
-------------------------+-------+-------++-------
Melee: Dagger            |     4 |     5 ||     9
 Cast: Flame Tongue      |    42 |    29 ||    71
       Throw Flame       |     1 |     5 ||     6
  Eat: Chunk             |     1 |     1 ||     2
Armor: Robe              |     2 |     1 ||     3
Dodge: Dodged            |    11 |     8 ||    19
